cohdb
Replays
Latest Replays
All Replays
Popular Replays
Top Player Replays
Match Explorer
How It Works
Community
CoH3 Stats
Reddit
Sign in to upload your games and track your stats! →
Sign in with Steam
Match 36435492
Unlisted
Match 36435492
Overview
Messages
Build Orders
End
Kradschützen Motorcycle Team
250 Light Carrier
Selects Armored Support Battlegroup
Panzergrenadier Squad
Panzergrenadier Squad
Construct Light Support Kompanie
Selects Superior Fire Drills
Fire Support Elements
Flakvierling Half-track
Selects Salvage Kits
Pak 38 Mechanized Group
Construct Mechanized Kompanie
Marder III Tank Destroyer
2.5-tonne Medical Truck
Marder III Tank Destroyer
Veteran Squad Leaders
Emergency Repair Kits
Construct Panzerarmee Kommand
deadsadbadmad
Alessandro-9891
Someone
Sunpoleon
0
0
Comments
sign in to comment!
No comments posted yet!